AoeStats
← _The_Lion

Arabia

506574736Analyzed
1v1 RM · 19d ago on Sep 14, 2026· 47m 39s· 2 players
Game mode
Random Map
Map size
Tiny (2 player)
Population
200
Speed
Normal
Resources
Standard
Victory
Conquest
Starting age
Dark Age
Ending age
Imperial Age
RankedLock teamsTeams togetherTeam positionsShared explorationLock speedFull tech treeHidden civsTurbo modeCheats
Victory
Defeat
1729
+14
🇨🇦 Malay · Canada
1694
-14
_The_Lion
6:41 Loom
9:12 Feudal Age
9:12 Man-at-Arms
17:05 Fletching
23:15 Castle Age
21:57 Padded Archer Armor
21:50 Double-Bit Axe
21:48 Horse Collar
22:15 Crossbowman
23:14 Bodkin Arrow
25:06 Ballistics
30:18 Bow Saw
33:40 Forging
33:46 Squires
35:09 Wheelbarrow
35:29 Iron Casting
38:12 Imperial Age
36:56 Hand Cart
37:05 Gold Mining
37:06 Stone Mining
37:13 Town Watch
37:45 Masonry
37:06 Long Swordsman
39:26 Blast Furnace
39:56 Forced Levy
41:54 Arbalester
42:40 Thumb Ring
42:51 Two-Handed Swordsman
46:43 Bracer
46:13 Elite Skirmisher
ELEG | Huitzilopochtli
5:46 Loom
8:46 Feudal Age
9:57 Double-Bit Axe
10:59 Horse Collar
15:25 Fletching
16:29 Padded Archer Armor
21:17 Castle Age
19:59 Gold Mining
22:04 Bodkin Arrow
22:53 Bow Saw
23:09 Elite Skirmisher
24:49 Padded Archer Armor
27:32 Wheelbarrow
28:09 Leather Archer Armor
28:16 Town Watch
29:37 Scale Mail Armor
31:02 Heavy Plow
35:01 Imperial Age
33:11 Ballistics
33:27 Hand Cart
35:33 Chain Mail Armor
35:57 Forging
36:38 Ring Archer Armor
38:15 Two-Man Saw
37:45 Bracer
38:21 Iron Casting
39:03 Chemistry
38:35 Town Patrol
39:23 Elite Ghulam
43:15 Scale Barding Armor
44:25 Blast Furnace
43:59 Bloodlines
43:50 Husbandry
43:11 Light Cavalry
45:22 Chain Barding Armor
45:34 Hussar
47:18 Conscription
48:03 Plate Barding Armor
Connection lost

Rejoining the realm…

Still unreachable

The connection could not be restored.

Session expired

The server has moved on; the page needs a fresh start.